 Dungeon Crawl Stone Soup version 0.28-a0-1080-g05a166d0ed (webtiles) character file.

Game seed: 5928372316206006257

543 mainiacjoe the Firebug (level 7, -5/50 HPs)
             Began as a Hill Orc Fire Elementalist on Dec 9, 2021.
             Was a Follower of Okawaru.
             Slain by a scorpion (6 damage)
             ... on level 5 of the Dungeon.
             The game lasted 00:17:11 (5771 turns).

mainiacjoe the Firebug (Hill Orc Fire Elementalist) Turns: 5771, Time: 00:17:13

Health: -5/50      AC:  6    Str: 11    XL:     7   Next: 27%
Magic:  4/11       EV: 14    Int: 23    God:    Okawaru [*.....]
Gold:   149        SH:  0    Dex: 11    Spells: 6/12 levels left

rFire   . . .      SeeInvis .   a - +0 halberd
rCold   . . .      Faith    .   (shield currently unavailable)
rNeg    . . .      Spirit   .   l - +0 robe
rPois   .          Reflect  .   t - +0 helmet
rElec   .          Harm     .   w - +0 cloak
rCorr   +          Rampage  .   c - +0 pair of gloves
Will    .....                   (no boots)
Stlth   +++.......              (no amulet)
HPRegen 0.16/turn               s - +6 ring of intelligence
MPRegen 0.12/turn               u - ring of resist corrosion

@: lethally poisoned (-5 -> -14), heroic, flying
A: no striking features
a: Renounce Religion, Heroism


You were on level 5 of the Dungeon.
You worshipped Okawaru.
Okawaru was aware of your devotion.
You visited 2 branches of the dungeon, and saw 6 of its levels.

You collected 241 gold pieces.
You spent 92 gold pieces at shops.

Inventory:

Hand Weapons
 a - a +0 halberd (weapon)
 b - a +0 spear
 d - a +0 club
 h - a +0 dagger
 y - a +0 scimitar
Missiles
 e - 47 bolts
 i - 6 boomerangs
 j - 53 sling bullets
 x - 117 stones
 B - 51 arrows
Armour
 c - a +0 pair of gloves (worn)
 l - a +0 robe (worn)
 o - a scarf of shadows
 t - a +0 helmet (worn)
 w - a +0 cloak (worn)
Jewellery
 s - a +6 ring of intelligence (left hand)
 u - a ring of resist corrosion (right hand)
Scrolls
 f - a scroll of magic mapping {unknown}
 n - a scroll of fear {unknown}
 p - a scroll of teleportation
 r - 3 scrolls of identify {unknown}
 v - a scroll of blinking {unknown}
 z - a scroll of immolation
 C - a scroll of enchant weapon {unknown}
Potions
 g - a potion of curing {unknown}
 k - 2 potions of flight
 m - a potion of might {unknown}
 q - 2 potions of degeneration {unknown}
 A - a potion of heal wounds {unknown}


   Skills:
 - Level 1.5(6.5) Dodging
 - Level 1.5(6.5) Stealth
 - Level 3.0 Spellcasting
 - Level 3.0 Conjurations
 - Level 1.0 Hexes
 + Level 6.1 Fire Magic
 + Level 4.1 Invocations


You had 6 spell levels left.
You knew the following spells:

 Your Spells              Type           Power      Damage    Failure   Level
a - Foxfire               Conj/Fire      96%        2x1d8     1%          1
b - Scorch                Fire           62%        2d8       1%          2
z - Conjure Flame         Conj/Fire      24%        6-21      5%          3

Your spell library contained the following spells:

 Spells                   Type           Power      Damage    Failure   Level
 Inner Flame              Hex/Fire       19%        N/A       8%          3
 Sublimation of Blood     Necr           3%         N/A       17%         2
 Flame Wave               Conj/Fire      24%        2d6       17%         4
 Petrify                  Tmut/Erth      3%         N/A       75%         4
 Irradiate                Conj/Tmut      5%         3d15      86%         5
 Summon Small Mammal      Summ           Unusable   N/A       N/A         1
 Summon Guardian Golem    Hex/Summ       Unusable   N/A       N/A         3
 Call Canine Familiar     Summ           Unusable   N/A       N/A         3

Dungeon Overview and Level Annotations

Branches:
Dungeon (5/15)             Temple (1/1) D:4

Altars:
Ashenzari
Cheibriados
Dithmenos
Elyvilon
Fedhas
Kikubaaqudgha
Nemelex Xobeh
Okawaru
Qazlal
Sif Muna
Vehumet
Wu Jian

Shops:
D:4 *

Annotations:
D:5 Duvessa, Sigmund


Message History

Casting: Scorch (safe; 1% risk of failure)
Confirm with . or Enter, or press ? or * to list all spells.
You conjure some foxfire!
You feel very sick. The scorpion misses you.
Unknown command.
Unknown command.
Casting: Foxfire (safe; 1% risk of failure)
Confirm with . or Enter, or press ? or * to list all spells.
There is not enough space to conjure foxfire!
You gain the combat prowess of a mighty hero.
You feel very sick.
The foxfire hits the scorpion.
The scorpion is burned terribly!
The scorpion is severely wounded.
The foxfire hits the scorpion.
The scorpion is severely wounded.
The scorpion stings you.
You are lethally poisoned!
The scorpion poisons you!
* * * LOW HITPOINT WARNING * * *
You feel very sick.
The scorpion is no longer more vulnerable to fire.
The scorpion stings you but does no damage.
The scorpion misses you.
You slash the scorpion!
The scorpion is heavily wounded.
* * * LOW HITPOINT WARNING * * *
You feel very sick. The scorpion closely misses you. The scorpion stings you.
* * * LOW HITPOINT WARNING * * *
The scorpion stings you.
* * * LOW HITPOINT WARNING * * *
The scorpion closely misses you.
It was a potion of flight.
You feel very buoyant.
You fly up into the air.
* * * LOW HITPOINT WARNING * * *
You feel very sick. The scorpion closely misses you. The scorpion stings you.
You die...

.####.#.# #.# .#
#.#.#. #.# .#
#.#.#. #.######
.# #.#.#.
#......# .#
#.#.#. #####.##
## #.#.#s #.#
#.#.#. #.#
#.#.#.#######s##
#.#.#......s@..#
#.#.############
#.#............#
#.#.########.###
#.#### #†#
#....# #.#
####.#######.###
#............#
#..###########


You could see 2 scorpions.

Vanquished Creatures
  A centaur (D:5)
  A gnoll sergeant (D:4)
  A scorpion (D:4)
  A howler monkey (D:4)
  A hound (D:4)
  An iguana (D:5)
  A howler monkey zombie (D:5)
  Robin (D:3)
  8 gnolls (D:4)
  5 adders
  A worm (D:2)
  3 dart slugs
  7 orcs
  6 endoplasms
  4 giant cockroaches
  15 goblins
  9 hobgoblins
  2 kobolds
  2 quokkas
  6 ball pythons
  7 bats
  4 frilled lizards
  2 rats
89 creatures vanquished.

Vanquished Creatures (collateral kills)
  A foxfire (D:4)
1 creature vanquished.

Vanquished Creatures (others)
  210 foxfires
  15 plants (D:4)
225 creatures vanquished.

Grand Total: 315 creatures vanquished

Notes
Turn   | Place    | Note
-------+----------+-------------------------------------------
     0 | D:1      | mainiacjoe the Hill Orc Fire Elementalist began the quest
                  | for the Orb.
     0 | D:1      | Reached XP level 1. HP: 14/14 MP: 3/3
   186 | D:1      | Reached XP level 2. HP: 20/20 MP: 0/4
   189 | D:1      | Learned a level 2 spell: Scorch
   682 | D:1      | Reached skill level 1 in Hexes
   798 | D:1      | Reached XP level 3. HP: 26/26 MP: 3/5
  1350 | D:2      | Learned a level 3 spell: Conjure Flame
  1646 | D:2      | Reached XP level 4. HP: 33/33 MP: 4/7
  1868 | D:2      | Reached skill level 4 in Fire Magic
  2698 | D:3      | Found an ancient bone altar of Kikubaaqudgha.
  2797 | D:3      | Found a faded altar of an unknown god.
  2850 | D:3      | Found a blossoming altar of Fedhas.
  2859 | D:3      | Noticed Robin
  2886 | D:3      | Killed Robin
  3439 | D:3      | Reached XP level 5. HP: 38/38 MP: 6/8
  3921 | D:4      | Found a staircase to the Ecumenical Temple.
  3929 | Temple   | Entered the Ecumenical Temple
  3989 | Temple   | Became a worshipper of Warmaster Okawaru
  4142 | D:4      | Reached XP level 6. HP: 45/45 MP: 5/10
  4167 | D:4      | Found Aggyver's Assorted Antiques.
  4302 | D:4      | Reached skill level 5 in Fire Magic
  4302 | D:4      | Reached skill level 1 in Invocations
  4470 | D:4      | Bought a scroll labelled RIURPH WOCH for 32 gold pieces
  4470 | D:4      | Bought a smoky green potion for 28 gold pieces
  4470 | D:4      | Bought a scroll labelled CAJYFE FEDGHIERCH for 32 gold
                  | pieces
  4572 | D:4      | Reached * piety under Okawaru
  5005 | D:5      | Entered Level 5 of the Dungeon
  5041 | D:5      | Reached skill level 6 in Fire Magic
  5041 | D:5      | Reached XP level 7. HP: 8/50 MP: 2/11
  5307 | D:5      | Noticed Sigmund
  5360 | D:5      | Noticed Duvessa
  5771 | D:5      | HP: 1/50 [poisoned by a scorpion]
  5771 | D:5      | Slain by a scorpion

Illustrated notes

Levels and vault maps discovered:
D:1:      amcnicky_arrival_wind_blow, layout_basic, minmay_tall_x
D:2:      layout_basic, serial_rivers, chequers_serial_rivers_small_b,
          chequers_serial_rivers_micro_a, chequers_serial_rivers_small_b,
          chequers_serial_rivers_room_a, chequers_serial_rivers_micro_c,
          chequers_serial_rivers_small_a
D:3:      layout_rooms, kiku_gazebo_pond_becter, mainiacjoe_overflow_catwalk,
          chequers_ecumenical_altar_simple_redux, uniq_robin
D:4:      layout_basic, minmay_temple_entry_wispy, serial_bayou,
          serial_bayou_pond_e, serial_bayou_shore_a, serial_bayou_pond_c,
          serial_bayou_ford_a, serial_shops, nicolae_shop_advertising_works
          [nicolae_subvault_shop_adworks], grunt_decor_junction,
          nicolae_grassy_gnolls
D:5:      layout_basic, serial_shops, nicolae_shop_stone,
          ebering_ghost_reflecting_pool, uniq_duvessa, uniq_grinder,
          uniq_sigmund
Temple:   zaba_magenta_temple

Skill      XL: |  1  2  3  4  5  6  7 |
---------------+----------------------+-----
Hexes          | 1 |  1.0
Spellcasting   | 2 3 |  3.0
Conjurations   | 2 3 |  3.0
Fire Magic     | 4 6 |  6.1
Invocations    | 3 4 |  4.1
Dodging        | |  1.5
Stealth        | |  1.5

Action                   |  1- 3 |  4- 6 |  7- 9 || total
-------------------------+-------+-------+-------++-------
Melee: Club              |     9 |       |       ||     9
       Dagger            |     2 |       |       ||     2
       Scimitar          |       |    34 |       ||    34
       Spear             |       |     2 |       ||     2
       Halberd           |       |    11 |     1 ||    12
 Cast: Foxfire           |    49 |    79 |     4 ||   132
       Scorch            |     5 |    23 |     4 ||    32
       Conjure Flame     |       |     1 |       ||     1
Invok: Heroism           |       |       |     1 ||     1
  Use: Scroll            |       |     1 |     1 ||     2
       Potion            |       |       |     1 ||     1
 Stab: Sleeping          |       |     1 |       ||     1
Armor: Robe              |     7 |    32 |     1 ||    40
Dodge: Dodged            |    17 |    55 |     5 ||    77

Table legend: (Time is in decaauts)
 A = Elapsed time spent in this place.
 B = Non-inter-level travel time spent in this place.
 C = Inter-level travel time spent in this place.
 D = Time resting spent in this place.
 E = Time spent auto-exploring this place.
 F = Levels seen in this place.
 G = Mean time per level.
                   A        B        C        D        E       F      G
               +--------+--------+--------+--------+--------+-----+--------+
         Total |   5837 |   5692 |    145 |    729 |   4100 |   6 |  972.8 |
       Dungeon |   5760 |   5631 |    129 |    729 |   4050 |   5 | 1152.0 |
        Temple |     77 |     61 |     16 |      0 |     50 |   1 |   77.0 |
               +--------+--------+--------+--------+--------+-----+--------+

Top non-repeatable levels by time:
     D:1: 1311 daAuts
     D:2: 1291 daAuts
     D:4: 1264 daAuts
     D:3: 1121 daAuts
     D:5: 771 daAuts
  Temple: 77 daAuts
